 Dungeon Crawl Stone Soup version 0.19.1 (webtiles) character file.

140286 kae the Fencer (level 16, 0/144 HPs)
             Began as a Minotaur Fighter on Dec 11, 2016.
             Was the Champion of Makhleb.
             Succumbed to a trident of venom's poison
             ... in the Desolation of Salt.
             The game lasted 00:52:25 (34624 turns).

kae the Fencer (Minotaur Fighter)                  Turns: 34624, Time: 00:52:25

Health: 0/144      AC: 25    Str: 25    XL:     16   Next: 75%
Magic:  0/25       EV: 15    Int:  9    God:    Makhleb [******]
Gold:   1347       SH: 12    Dex:  9    Spells: 0 memorised, 15 levels left

rFire  + . .     SeeInvis +     m - +5 demon blade (elec)
rCold  + . .     Gourm    .     U - +2 plate armour of Too Many Cooks {rC+ MR+}
rNeg   + . .     Faith    .     c - +0 shield
rPois  .         Spirit   +     Q - +2 hat {MR+}
rElec  +         Reflect  .     K - +0 cloak of the Undertaker {rElec rN+ MR++ Int+2}
rCorr  .         Harm     .     y - +2 pair of gloves
MR     +++++                    (no boots)
Stlth  ..........               t - amulet of guardian spirit
                                A - +3 ring of evasion
                                T - ring of see invisible

@: lethally poisoned (0 -> -28), drained
A: retaliatory headbutt, horns 2, clumsy 1, fire resistance 1, subdued magic 1
a: Minor Destruction, Lesser Servant of Makhleb, Major Destruction, Greater
Servant of Makhleb, Renounce Religion


You were in the Desolation of Salt.
You worshipped Makhleb.
Makhleb was exalted by your worship.
You were not hungry.

You visited 4 branches of the dungeon, and saw 25 of its levels.
You also visited: Wizlab and Desolation.

You collected 2711 gold pieces.
You spent 1364 gold pieces at shops.

Inventory:

Hand Weapons
 a - a +1 long sword
 e - a +0 great sword of flaming
 m - a +5 demon blade of electrocution (weapon)
Armour
 c - a +0 shield (worn)
 y - a +2 pair of gloves (worn)
 K - the +0 cloak of the Undertaker (worn) {rElec rN+ MR++ Int+2}
   (You found it on level 15 of the Dungeon)

   It affects your intelligence (+2).
   It insulates you from electricity.
   It protects you from negative energy.
   It affects your resistance to hostile enchantments.
 Q - a +2 hat of magic resistance (worn)
 U - the +2 plate armour of Too Many Cooks (worn) {rC+ MR+}
   (You bought it in a shop on level 2 of the Orcish Mines)

   It protects you from cold.
   It affects your resistance to hostile enchantments.
Jewellery
 t - an amulet of guardian spirit (around neck)
 A - a +3 ring of evasion (right hand)
 L - an uncursed ring of protection from magic
 N - an uncursed ring of protection from magic
 T - a ring of see invisible (left hand)
Wands
 b - a wand of disintegration (4/24)
 k - a wand of heal wounds (6/9)
 r - a wand of heal wounds (0/9)
 D - a wand of polymorph (7/24)
 R - a wand of disintegration (17/24)
Scrolls
 g - 10 scrolls of identify
 i - 5 scrolls of noise
 l - 5 scrolls of teleportation
 o - 4 scrolls of enchant armour
 u - 2 scrolls of magic mapping
 v - 3 scrolls of recharging
 x - 4 scrolls of summoning
 B - 3 scrolls of immolation
 G - 2 scrolls of fear
 J - 6 scrolls of remove curse
 M - 5 scrolls of amnesia
 W - a scroll of fog
Potions
 j - 4 potions of cure mutation
 p - a potion of beneficial mutation
 q - 11 potions of curing
 s - a potion of invisibility
 w - 3 potions of cancellation
 z - a potion of magic
 C - 6 potions of brilliance
 E - 18 potions of mutation
 I - a potion of ambrosia
 O - 4 potions of agility
 P - 3 potions of flight
 X - a potion of haste
 Y - a potion of heal wounds
Books
 d - a book of Frost

   Spells                             Type                      Level
   a - Freeze                         Ice                          1
   b - Throw Frost                    Conjuration/Ice              2
   c - Ozocubu's Armour               Charms/Ice                   3
   d - Throw Icicle                   Conjuration/Ice              4
   e - Summon Ice Beast               Ice/Summoning                4
 H - a book of Conjurations

   Spells                             Type                      Level
   a - Magic Dart                     Conjuration                  1
   b - Searing Ray                    Conjuration                  2
   c - Dazzling Spray                 Conjuration/Hexes            3
   d - Fulminant Prism                Conjuration/Hexes            4
   e - Iskenderun's Mystic Blast      Conjuration                  4
   f - Iskenderun's Battlesphere      Conjuration/Charms           5
 S - a book of Misfortune

   Spells                             Type                      Level
   a - Confusing Touch                Hexes                        1
   b - Confuse                        Hexes                        3
   c - Gell's Gravitas                Hexes/Translocation          3
   d - Petrify                        Transmutation/Earth          4
   e - Metabolic Englaciation         Hexes/Ice                    5
   f - Yara's Violent Unravelling     Hexes/Transmutation          5
 V - Cigotuvi's Handbook of Sinister Arts
   (You found it in a wizard's laboratory)

   Spells                             Type                      Level
   a - Control Undead                 Necromancy                   4
   b - Cigotuvi's Embrace             Necromancy                   5
   c - Dispel Undead                  Necromancy                   5
   d - Simulacrum                     Ice/Necromancy               6
Comestibles
 f - 13 bread rations
 h - 5 slices of pizza
 n - 15 beef jerkies
 F - 11 meat rations
 Z - 8 fruits


   Skills:
 - Level 13.2(12.4) Fighting
 * Level 17.1(16.2) Long Blades
 + Level 15.3(14.5) Armour
 + Level 13.9(13.1) Dodging
 - Level 10.7(9.9) Shields
 + Level 14.1(13.3) Invocations


You had 15 spell levels left.
You didn't know any spells.

Dungeon Overview and Level Annotations

Branches:
Dungeon (15/15)            Temple (0/1) D:7            Lair (6/6) D:10
  Swamp (0/4) Lair:3        Snake (0/4) Lair:2        Slime (0/5) Lair:6
    Orc (2/2) D:9             Elf (2/3) Orc:2        Vaults (0/5) D:14
 Depths (0/5) D:15

Altars:
Cheibriados
Elyvilon
Gozag
Kikubaaqudgha
Makhleb
Nemelex Xobeh
Okawaru
Qazlal
Vehumet
Yredelemnul
Zin
The Shining One
Jiyva

Shops:
D:5 *   D:8 =   D:11 }   D:13 :   D:14 [   Orc:2 *[:(   Elf:1 ?

Portals:
Trove: D:15 (give 20 scrolls of identify)


Innate Abilities, Weirdness & Mutations

You reflexively headbutt those who attack you in melee.
You have a pair of horns on your head.
You are clumsy. (Dex -2)
Your flesh is heat resistant. (rF+)
Your spells are a little easier to cast, but a little less powerful.


Message History

The halazid warlock is almost destroyed.
You feel sick.
The hand axe of venom hits your ufetubus.
Your ufetubus dies!
The molten gargoyle blasts magma at you!
The bolt of magma hits you! You partially resist.
* * * LOW HITPOINT WARNING * * *
The bolt of magma hits the molten gargoyle.
The molten gargoyle partially resists.
The trident of venom hits you.
* * * LOW HITPOINT WARNING * * *
You are more poisoned.
Your ynoxinul hits the crystal guardian but does no damage.
Your ufetubus hits the crystal guardian but does no damage. x4
The crystal guardian hits you!
* * * LOW HITPOINT WARNING * * *
2 saltlings come into view.
You slash the molten gargoyle!
Your headbutt misses the molten gargoyle.
The molten gargoyle is severely damaged.
You die...

...................
88...p.........#........
........................
8.8S....................
.........#..............
#........##.............
.....p.85355............
.....p98855.............
#######@L..........∩....
#(9(..............
#(99.........∩....
..................
..................
...........#.......
...................
..#.................


You could see a ragged hierophant, 2 servants of whispers, a halazid warlock, a
crystal guardian, a guardian serpent, 4 molten gargoyles, 6 saltlings, 3 dancing
weapons, a friendly ynoxinul and 5 friendly ufetubi.

Vanquished Creatures
  Frances (D:14)
  A fire giant (D:15)
  2 angels (Elf:2)
  2 orc warlords (Orc:2)
  3 very ugly things (WizLab)
  The ghost of Philosophy the Cruncher, a journeyman FoFi of Okawaru (D:14)
  A deep elf annihilator (Elf:2)
  An ettin (Orc:1)
  A deep elf death mage (Elf:1)
  A servant of whispers (Desolation)
  An ogre mage (D:14)
  A rakshasa (D:13)
  5 vault guards (D:14)
  6 hydras
  The ghost of azzavlup the Frost Mage, a journeyman MfIE of Yredelemnul (Lair:2)
  2 dancing weapons
  5 orc high priests (Orc:2)
  A fire crab (shapeshifter) (WizLab)
  6 deep elf knights
  An iron golem (WizLab)
  2 unseen horrors
  A swamp dragon (Lair:3)
  2 wizards
  A swamp dragon (shapeshifter) (WizLab)
  An obsidian statue (D:14)
  5 hill giants
  A lindwurm (Lair:6)
  7 orc knights
  9 deep elf archers
  A harpy (shapeshifter) (WizLab)
  An ironbrand convoker (Desolation)
  7 orc sorcerers
  24 deep elf magi
  2 wolf spiders (Lair:6)
  An orb spider (shapeshifter) (WizLab)
  22 ugly things
  A manticore (shapeshifter) (WizLab)
  An elephant (shapeshifter) (WizLab)
  A manticore (D:14)
  5 black mambas (Lair:6)
  2 black mambas (shapeshifter) (WizLab)
  11 elephants
  2 centaur zombies
  18 spiny frogs
  A spiny frog (shapeshifter) (WizLab)
  A gargoyle (D:13)
  2 kobold demonologists
  10 komodo dragons
  4 rime drakes
  A yaktaur (D:14)
  A yaktaur (shapeshifter) (WizLab)
  A komodo dragon (shapeshifter) (WizLab)
  A tengu conjurer (D:13)
  10 trolls
  A polar bear (Lair:3)
  A queen bee (shapeshifter) (WizLab)
  6 saltlings (Desolation)
  A hornet (shapeshifter) (WizLab)
  3 two-headed ogres
  2 trolls (shapeshifter) (WizLab)
  5 hornets
  12 blink frogs
  8 hippogriffs
  A blink frog (shapeshifter) (WizLab)
  5 dream sheep
  Sigmund (D:6)
  A shadow (D:15)
  A spriggan (shapeshifter) (WizLab)
  A water elemental (D:12)
  A tarantella (shapeshifter) (WizLab)
  9 wyverns
  3 fire elementals
  2 wraiths (D:14)
  36 yaks
  A hungry ghost (D:7)
  A basilisk (Lair:1)
  Grum (D:10)
  3 yaks (shapeshifter) (WizLab)
  A steam dragon (Lair:3)
  2 nagas (Lair:2)
  4 vampire mosquitoes (D:14)
  4 wargs
  11 water moccasins
  4 floating eyes (WizLab)
  6 porcupines
  7 large abominations (WizLab)
  5 phantoms
  A black bear (D:11)
  A black bear (shapeshifter) (WizLab)
  41 orc warriors
  7 sky beasts
  4 ice beasts
  9 small abominations (WizLab)
  3 necrophages
  13 ogres
  13 wolves
  5 centaurs
  15 crocodiles
  5 big kobolds
  20 bullfrogs
  A gnoll sergeant (D:5)
  An earth elemental (D:12)
  A wyvern zombie (D:9)
  3 scorpions
  19 killer bees
  4 howler monkeys
  5 crimson imps
  A quasit (D:7)
  2 bullfrog skeletons
  6 centaur skeletons
  5 hounds
  5 jellies
  Crazy Yiuf (D:2)
  17 orc priests
  6 bullfrog zombies
  A gnoll shaman (D:10)
  28 orc wizards
  Jessica (D:3)
  9 iguanas
  14 worker ants
  2 killer bee zombies
  A hound zombie (D:5)
  3 hound skeletons
  A worker ant zombie (D:8)
  Robin (D:2)
  22 adders
  7 gnolls
  A river rat (Lair:6)
  2 shadow imps
  An adder skeleton (D:4)
  4 dart slugs
  A worm (D:2)
  7 leopard geckos
  107 orcs
  A ball python (D:3)
  5 giant cockroaches
  13 goblins
  12 hobgoblins
  11 jackals
  7 quokkas
  6 bats
  3 frilled lizards
  A jackal skeleton (D:6)
  9 kobolds
  A leopard gecko skeleton (D:5)
  2 leopard gecko zombies
  A quokka skeleton (D:6)
  A quokka zombie (D:6)
  8 rats
  A plant (Lair:6)
862 creatures vanquished.

Vanquished Creatures (collateral kills)
  A mutant beast (WizLab)
  Gastronok (Lair:2)
  2 very ugly things (WizLab)
  The ghost of Scuka the Fighter, a journeyman DrSu of Sif Muna (Lair:2)
  Harold (Lair:3)
  4 hydras
  The ghost of Vajrapani the Grappler, a novice DrMo of Hepliaklqana (Lair:2)
  An orc high priest (Orc:2)
  Sonja (Lair:2)
  2 deep elf magi
  A guardian serpent (Lair:6)
  4 elephants (Lair:5)
  A spiny frog (Lair:6)
  A komodo dragon (D:14)
  A hornet (Lair:6)
  A wind drake (shapeshifter) (WizLab)
  A hippogriff (Lair:6)
  A blink frog (Lair:1)
  A yak (Lair:6)
  A wyvern (Lair:6)
  A basilisk (Lair:2)
  A naga (Lair:2)
  A water moccasin (Lair:6)
  2 orc warriors
  A crocodile (Lair:2)
  2 orc wizards (Orc:2)
  5 orcs (Orc:2)
  A fungus (Lair:3)
42 creatures vanquished.

Vanquished Creatures (others)
  A deep elf knight (Elf:2)
  A deep elf mage (Elf:1)
  An air elemental (D:12)
  An electric eel (Lair:3)
  A worker ant zombie (D:6)
  An adder (D:6)
  An orc (Orc:2)
  A ball python (D:6)
  28 fungi
  15 plants
51 creatures vanquished.

Grand Total: 955 creatures vanquished

Notes
Turn   | Place    | Note
-------+----------+-------------------------------------------
     0 | D:1      | kae the Minotaur Fighter began the quest for the Orb.
     0 | D:1      | Reached XP level 1. HP: 19/19 MP: 0/0
   130 | D:1      | Reached skill level 3 in Long Blades
   290 | D:1      | Reached XP level 2. HP: 27/27 MP: 1/1
   675 | D:2      | Noticed Robin
   696 | D:1      | Reached XP level 3. HP: 18/33 MP: 2/2
   842 | D:2      | Killed Robin
   842 | D:2      | Reached skill level 4 in Long Blades
   917 | D:2      | Found a faded altar of an unknown god.
  1064 | D:2      | Found an ancient bone altar of Kikubaaqudgha.
  1378 | D:2      | Found a glowing silver altar of Zin.
  1496 | D:2      | Found a snail-covered altar of Cheibriados.
  1511 | D:2      | Reached XP level 4. HP: 37/41 MP: 3/3
  1533 | D:2      | Found a runed door.
  1762 | D:2      | Noticed Crazy Yiuf
  1771 | D:2      | Killed Crazy Yiuf
  1771 | D:2      | Reached skill level 5 in Long Blades
  2088 | D:3      | Found a basalt altar of Yredelemnul.
  2237 | D:3      | Noticed Jessica
  2241 | D:3      | Killed Jessica
  2241 | D:3      | Reached skill level 5 in Fighting
  2241 | D:3      | Reached XP level 5. HP: 48/48 MP: 4/4
  2730 | D:3      | Found a burning altar of Makhleb.
  2935 | D:3      | Became a worshipper of Makhleb the Destroyer
  3059 | D:4      | Noticed an ogre
  3063 | D:4      | Killed an ogre
  3063 | D:4      | Reached skill level 6 in Long Blades
  3063 | D:4      | Reached XP level 6. HP: 24/56 MP: 5/5
  3416 | D:4      | Reached skill level 7 in Long Blades
  3732 | D:4      | Found a white marble altar of Elyvilon.
  3976 | D:4      | Reached XP level 7. HP: 39/63 MP: 6/6
  4284 | D:4      | Reached skill level 8 in Long Blades
  4480 | D:5      | Entered Level 5 of the Dungeon
  4480 | D:5      | Found Jikofuem's Assorted Antiques.
  4495 | D:5      | Bought a scroll labeled FUGENL HOLIE for 28 gold pieces
  4688 | D:5      | Found an iron altar of Okawaru.
  4705 | D:5      | Reached * piety under Makhleb
  4776 | D:5      | Found an opulent altar of Gozag.
  4903 | D:5      | Reached skill level 9 in Long Blades
  4999 | D:5      | Reached XP level 8. HP: 40/73 MP: 7/7
  5459 | D:6      | Noticed Sigmund
  5469 | D:6      | Killed Sigmund
  5477 | D:6      | Reached skill level 10 in Long Blades
  6577 | D:6      | Found a stormy altar of Qazlal.
  6907 | D:7      | Reached skill level 11 in Long Blades
  6914 | D:7      | Found a staircase to the Ecumenical Temple.
  6971 | D:7      | Reached ** piety under Makhleb
  7052 | D:7      | Reached XP level 9. HP: 82/82 MP: 8/8
  7360 | D:7      | Reached skill level 12 in Long Blades
  7680 | D:8      | Found a sparkling altar of Nemelex Xobeh.
  7680 | D:8      | Found Paonok's Jewellery Emporium.
  7716 | D:8      | Bought a cursed amulet of guardian spirit for 297 gold pieces
  7716 | D:8      | Bought a cursed -2 ring of dexterity for 22 gold pieces
  7716 | D:8      | Bought a cursed ring of loudness for 49 gold pieces
  7960 | D:8      | Reached skill level 13 in Long Blades
  8395 | D:8      | Reached skill level 10 in Fighting
  8529 | D:9      | Reached XP level 10. HP: 94/94 MP: 6/9
  8533 | D:9      | Reached *** piety under Makhleb
  8540 | D:9      | Reached skill level 14 in Long Blades
  9038 | D:9      | Found a staircase to the Orcish Mines.
  9309 | D:10     | Entered Level 10 of the Dungeon
  9355 | D:10     | Noticed Grum
  9370 | D:10     | Killed Grum
  9370 | D:10     | Reached **** piety under Makhleb
  9395 | D:10     | Reached skill level 15 in Long Blades
  9409 | D:10     | Reached skill level 1 in Invocations
  9626 | D:10     | Noticed a hill giant
  9640 | D:10     | Killed a hill giant
  9733 | D:10     | Noticed a wizard
  9734 | D:10     | Noticed a green ugly thing
  9748 | D:10     | Reached XP level 11. HP: 42/103 MP: 5/13
  9754 | D:10     | HP: 5/103 [poisoned by a green ugly thing]
  9755 | D:10     | HP: 2/103 [poisoned by a green ugly thing]
 10230 | D:10     | Found a staircase to the Lair.
 10250 | D:10     | Found a burning altar of Makhleb.
 10468 | D:10     | Reached skill level 5 in Invocations
 10517 | D:10     | Reached ***** piety under Makhleb
 10592 | D:10     | Killed a green ugly thing
 10751 | D:10     | Killed a wizard
 11164 | D:10     | Paralysed by a hornet for 3 turns
 11416 | Lair:1   | Entered Level 1 of the Lair of Beasts
 11951 | Lair:1   | Reached skill level 1 in Dodging
 12142 | Lair:1   | Noticed a four-headed hydra
 12345 | Lair:1   | Killed a four-headed hydra
 12407 | Lair:1   | Reached skill level 5 in Armour
 12734 | Lair:2   | Noticed azzavlup's ghost (journeyman MfIE)
 12799 | Lair:2   | Killed azzavlup's ghost
 12802 | Lair:2   | Noticed Gastronok
 13148 | Lair:2   | Noticed Vajrapani's ghost (novice DrMo)
 13152 | Lair:2   | Noticed a six-headed hydra
 13168 | Lair:3   | Found a staircase to the Swamp.
 13168 | Lair:3   | Noticed a swamp dragon
 13168 | Lair:3   | Noticed Harold
 13172 | Lair:2   | Found a staircase to the Snake Pit.
 14143 | Lair:1   | Reached XP level 12. HP: 109/115 MP: 16/16
 14179 | Lair:2   | Killed a six-headed hydra
 14385 | Lair:1   | Noticed a six-headed hydra
 14397 | Lair:1   | Killed a six-headed hydra
 14757 | Lair:1   | Reached skill level 5 in Dodging
 14791 | Lair:1   | HP: 5/115 [wolf (2)]
 15415 | Lair:2   | Killed Vajrapani's ghost
 15936 | Lair:2   | Noticed Sonja
 15955 | Lair:2   | Killed Sonja
 16001 | Lair:2   | Noticed Scuka's ghost (journeyman DrSu)
 16028 | Lair:2   | Killed Scuka's ghost
 16501 | Lair:2   | Killed Gastronok
 17962 | Lair:3   | Killed Harold
 18889 | Lair:3   | Reached XP level 13. HP: 111/122 MP: 16/19
 19125 | Lair:4   | Reached skill level 10 in Invocations
 19551 | Lair:4   | Identified a scroll of acquirement
 19839 | Lair:4   | Reached skill level 10 in Armour
 20956 | Lair:6   | Entered Level 6 of the Lair of Beasts
 21531 | Lair:6   | Reached skill level 5 in Shields
 21537 | Lair:6   | Reached skill level 10 in Dodging
 22089 | Lair:6   | Found a viscous altar of Jiyva.
 22089 | Lair:6   | Found a staircase to the Slime Pits.
 22279 | Lair:6   | Reached XP level 14. HP: 57/129 MP: 13/21
 23195 | D:11     | Found Naqub's Quality Used Wands.
 24086 | D:12     | Found a large runed door.
 24086 | D:12     | Found a large runed door.
 25321 | D:13     | Found Ute Wiov's Book Shoppe.
 25611 | D:14     | Noticed Frances
 25633 | D:14     | Killed Frances
 26087 | D:14     | Found Nooblos's Armour Boutique.
 26211 | D:14     | Noticed Philosophy's ghost (journeyman FoFi)
 26230 | D:14     | Killed Philosophy's ghost
 26518 | D:14     | Found a gate to the Vaults.
 26729 | D:14     | Reached XP level 15. HP: 136/136 MP: 23/23
 27350 | Orc:1    | Entered Level 1 of the Orcish Mines
 27426 | Orc:1    | Reached ****** piety under Makhleb
 27764 | Orc:2    | Entered Level 2 of the Orcish Mines
 28044 | Orc:2    | Noticed an orc warlord
 28069 | Orc:2    | Killed an orc warlord
 28092 | Orc:2    | Found a staircase to the Elven Halls.
 28170 | Orc:2    | Noticed an orc warlord
 28202 | Orc:2    | Reached skill level 10 in Shields
 28522 | Orc:2    | Killed an orc warlord
 28822 | Orc:2    | Found Tootudiu's Antique Armour Shop.
 28866 | Orc:2    | Found Cudopp's General Store.
 28867 | Orc:2    | Found Imotaste's Book Shop.
 28868 | Orc:2    | Found Zetsu's Antique Weapon Boutique.
 29115 | Orc:2    | Bought a shimmering plate armour for 896 gold pieces
 29125 | Orc:2    | Identified the +2 plate armour of Too Many Cooks {rC+ MR+} (You bought it in a shop on level 2 of the Orcish Mines)
 29349 | D:15     | Entered Level 15 of the Dungeon
 29386 | D:15     | Found a staircase to the Depths.
 29386 | D:15     | Noticed a fire giant
 29818 | D:15     | Killed a fire giant
 29948 | D:15     | Found a portal to a secret trove of treasure.
 30244 | D:15     | Got a jewelled cloak
 30250 | D:15     | Identified the +0 cloak of the Undertaker {rElec rN+ MR++ Int+2} (You found it on level 15 of the Dungeon)
 30690 | Elf:1    | Entered Level 1 of the Elven Halls
 31112 | Elf:1    | Found Laps's Magic Scroll Shoppe.
 31118 | Elf:1    | Bought a scroll of identify for 36 gold pieces
 31118 | Elf:1    | Bought a scroll of identify for 36 gold pieces
 31132 | Elf:1    | Found a magical portal.
 31148 | WizLab   | Entered Cigotuvi's Fleshworks
 31746 | WizLab   | Reached XP level 16. HP: 144/144 MP: 25/25
 31760 | WizLab   | Paralysed by a floating eye for 2 turns
 31770 | WizLab   | Paralysed by a floating eye for 4 turns
 31779 | WizLab   | Paralysed by a floating eye for 4 turns
 31815 | WizLab   | Paralysed by a floating eye for 2 turns
 31901 | WizLab   | Got a heavily runed glass ring
 31955 | WizLab   | Reached skill level 16 in Long Blades
 32034 | WizLab   | Identified Cigotuvi's Handbook of Sinister Arts
 32202 | WizLab   | Noticed Cigotuvi's Monster
 32221 | WizLab   | Killed Cigotuvi's Monster
 32263 | WizLab   | Identified the ring of Qick {Fire +Inv +Fly} (You found it in a wizard's laboratory)
 32596 | WizLab   | Gained mutation: You are weak. (Str -2) [mutagenic glow]
 32795 | WizLab   | Gained mutation: Your spells are a little easier to cast, but a little less powerful. [mutagenic glow]
 32824 | Elf:1    | Gained mutation: You are clumsy. (Dex -2) [mutagenic glow]
 32879 | Elf:1    | Gained mutation: You are very clumsy. (Dex -4) [mutagenic glow]
 32959 | Elf:1    | Gained mutation: You are dopey. (Int -2) [mutagenic glow]
 33206 | Elf:1    | Lost mutation: You are weak. (Str -2) [potion of cure mutation]
 33206 | Elf:1    | Lost mutation: You are dopey. (Int -2) [potion of cure mutation]
 33206 | Elf:1    | Lost mutation: You are very clumsy. (Dex -4) [potion of cure mutation]
 33461 | Elf:1    | Reached skill level 15 in Armour
 33663 | Elf:1    | Found a radiant altar of Vehumet.
 34105 | Elf:2    | Found a glowing golden altar of the Shining One.
 34105 | Elf:2    | Found a glowing silver altar of Zin.
 34106 | Elf:2    | Found a ruined gateway.
 34107 | Elf:2    | Found a white marble altar of Elyvilon.
 34244 | Elf:2    | Gained mutation: Your flesh is heat resistant. (rF+) [potion of beneficial mutation]
 34288 | Elf:2    | Reached skill level 17 in Long Blades
 34405 | Desolati | Entered the Desolation of Salt
 34623 | Desolati | HP: 2/144 [crystal guardian (15)]
 34624 | Desolati | Succumbed to a trident of venom's poison

Skill      XL: |  1  2  3  4  5  6  7  8  9 10 11 12 13 14 15 16 |
---------------+-------------------------------------------------+-----
Long Blades    | 3 4 5 6 7 9 11 13 15 17 | 17.1
Fighting       | 4 5 6 7 8 10 12 13 | 13.2
Invocations    | 4 7 9 11 12 13 14 | 14.1
Armour         | 6 9 11 13 14 15 | 15.3
Dodging        | 4 7 10 11 13 | 13.9
Shields        | 6 9 10 | 10.7

Action                   |  1- 3 |  4- 6 |  7- 9 | 10-12 | 13-15 | 16-18 || total
-------------------------+-------+-------+-------+-------+-------+-------++-------
Melee: Long sword        |   106 |   161 |   432 |  1076 |   189 |       ||  1964
       Headbutt          |    15 |    25 |    70 |   235 |   366 |    76 ||   787
       Demon blade       |       |       |       |       |  1333 |   439 ||  1772
       Great sword       |       |       |       |       |     3 |       ||     3
Invok: Lesser Servant of |       |       |       |    27 |    15 |    10 ||    52
       Minor Destruction |       |       |       |     3 |       |       ||     3
Evoke: Wand              |       |       |       |       |    10 |    11 ||    21
  Use: Scroll            |       |       |    23 |    12 |    15 |     2 ||    52
       Potion            |       |       |     3 |     9 |       |     4 ||    16
 Stab: Invisible         |       |       |       |     3 |       |       ||     3
       Distracted        |       |       |       |     2 |     5 |     1 ||     8
  Eat: Chunk             |     1 |     8 |    16 |    27 |    38 |     2 ||    92
       Royal jelly       |       |       |     1 |       |       |       ||     1
       Fruit             |       |       |     1 |     3 |     4 |     2 ||    10
       Bread ration      |       |       |       |     1 |       |     2 ||     3
Armor: Scale mail        |    39 |    59 |    46 |       |       |       ||   144
       Plate armour      |       |       |   166 |   456 |   460 |   156 ||  1238
       Skin              |       |       |    28 |     6 |       |       ||    34
Dodge: Dodged            |    29 |    49 |    65 |   183 |   562 |   136 ||  1024
Block: Shield            |    53 |    74 |   181 |   389 |   668 |   180 ||  1545
       Rpst.: Long sword |     8 |    11 |    17 |    34 |    15 |       ||    85
       Demon blade       |       |       |       |       |   102 |    32 ||   134
